 Dungeon Crawl Stone Soup version 0.29-a0-620-g13ace881f2 (webtiles) character file.

Game seed: 6752064191040602031

108 PentaManta the Bolt Thrower (level 4, 22/22 HPs)
             Began as a Spriggan Hunter on June 18, 2022.
             Quit the game on level 2 of the Dungeon.
             The game lasted 00:05:58 (1406 turns).

PentaManta the Bolt Thrower (Spriggan Hunter)       Turns: 1406, Time: 00:05:59

Health: 22/22      AC:  3    Str:  7    XL:     4   Next: 58%
Magic:  5/5        EV: 18    Int: 10    God:
Gold:   10         SH:  0    Dex: 20    Spells: 3/3 levels left

rFire   . . .      SeeInvis +   a - +2 hand crossbow
rCold   . . .      Faith    .   (no shield)
rNeg    . . .      Spirit   .   b - +1 robe
rPois   .          Reflect  .   (helmet restricted)
rElec   .          Harm     .   (no cloak)
rCorr   .          Rampage  .   (gloves unavailable)
Will    .....                   (boots unavailable)
Stlth   ++........              (no amulet)
HPRegen 0.07/turn               (no ring)
MPRegen 0.09/turn               (no ring)

@: very quick
A: very small, no large weapons, unfitting armour, see invisible, speed 3
a: no special abilities


You were on level 2 of the Dungeon.
You visited 1 branch of the dungeon, and saw 2 of its levels.

You collected 74 gold pieces.
You spent 64 gold pieces at shops.

Inventory:

Hand Weapons
 a - a +2 hand crossbow (weapon)
Missiles
 l - 2 poisoned darts
Armour
 b - a +1 robe (worn)
Magical Staves
 k - a staff of poison
Wands
 p - a wand of light (6)
Scrolls
 c - a scroll of immolation
 d - a scroll of poison
 f - 2 scrolls of enchant armour
 m - a scroll of fear
Potions
 i - a potion of attraction
 n - a potion of flight
 o - 2 potions of ambrosia
 q - a potion of curing
 r - 2 potions of brilliance {unknown}


   Skills:
 - Level 1.5 Fighting
 + Level 6.0 Crossbows
 - Level 2.6 Dodging
 - Level 1.5 Stealth


You had 3 spell levels left.
You didn't know any spells.
Your spell library was empty.

Dungeon Overview and Level Annotations

Branches:
Dungeon (2/15)

Altars:

Shops:
D:1 ?   D:2 *

Annotations:
D:1 1 runed translucent door


Innate Abilities, Weirdness & Mutations

You are very small and have problems with some larger weapons.
You are too small for most types of armour.
You have supernaturally acute eyesight. (SInv)
You cover ground extremely quickly. (Speed+++)


Message History

Unknown command.
As you read the scroll labelled ADIUB CIZA, it crumbles to dust.
You hear a loud clanging noise!
It was a scroll of noise.
You hear an angry hiss.
As you read the scroll labelled DUZOOT RYWA, it crumbles to dust.
It is a scroll of enchant weapon.
Your +1 hand crossbow glows red for a moment.
As you read the scroll labelled RINNEXT AGUKESHRU, it crumbles to dust.
You assume a fearsome visage.
Nothing appears to happen.
It was a scroll of fear.
Unknown command.
Okay, then.
Search for what [Enter for "."]? .
There are no items here.
Unknown command.
Search for what [Enter for "."]?
Okay, then.
Unknown command.
You start waiting.
An adder comes into view.
There are monsters nearby!
There are monsters nearby!
You shoot a bolt. The bolt hits the adder.
The adder is lightly wounded.
The adder is engulfed in poison gas.
The adder is poisoned.
The adder is engulfed in poison gas.
The adder is poisoned.
You shoot a bolt. The bolt hits the adder.
The adder is almost dead.
The adder is engulfed in poison gas.
The adder looks even sicker.
You kill the adder!
The adder is engulfed in poison gas.
The adder looks even sicker.
You kill the adder!
Your Crossbows skill increases to level 6!
Partly explored, can't reach some places.
Partly explored, can't reach some places.
Partly explored, can't reach some places.
Partly explored, can't reach some places.
No target in view!
Are you sure you want to abandon this character and quit the game? (Confirm with "yes".)

#.# . #.# .# #.# ####○#
#.# ####○°§○# #.#
#8☼8○8..#### ###### #.#
#○§°○.○☼.... .....# #.#
#8§§§8###### ####.#
####.###§⌠§○○#### .....#
#.....☼.8@8☼8○.§○.
..##<###...##########☼##.
#.##.#.......# #.. ##
#............# ##. #.
.....#.......# #...# #.
####.##....#.# #...# #.
.. ..##......# #...# ##
#######.####.# #...#
....#
#.####.#######...######


There were no monsters in sight!

Vanquished Creatures
  Robin (D:2)
  4 adders (D:2)
  A dart slug (D:1)
  An endoplasm (D:2)
  A giant cockroach (D:2)
  15 goblins
  7 hobgoblins
  4 jackals (D:1)
  3 kobolds (D:1)
  3 quokkas
  6 ball pythons
  4 bats
  3 frilled lizards
  2 rats
55 creatures vanquished.

Notes
Turn   | Place    | Note
-------+----------+-------------------------------------------
     0 | D:1      | PentaManta the Spriggan Hunter began the quest for the Orb.
     0 | D:1      | Reached XP level 1. HP: 10/10 MP: 2/2
     1 | D:1      | Found a runed translucent door.
    96 | D:1      | Reached XP level 2. HP: 14/14 MP: 3/3
   241 | D:1      | Found Noysiu's Magic Scroll Boutique.
   247 | D:1      | Bought a scroll of identify for 20 gold pieces
   374 | D:1      | Reached skill level 5 in Crossbows
   374 | D:1      | Reached XP level 3. HP: 18/18 MP: 4/4
   744 | D:2      | Noticed Robin
  1029 | D:2      | Killed Robin
  1031 | D:2      | Reached XP level 4. HP: 16/22 MP: 5/5
  1381 | D:2      | Found Maitalos's General Store.
  1389 | D:2      | Bought a scroll of identify for 22 gold pieces
  1389 | D:2      | Bought a scroll of identify for 22 gold pieces
  1404 | D:2      | Reached skill level 6 in Crossbows
  1406 | D:2      | Quit the game

Illustrated notes

Levels and vault maps discovered:
D:1:      dpeg_arrival_caged_fury, layout_loops_ring, serial_shops,
          nicolae_shop_stone, minmay_heptomino_w4
D:2:      layout_loops_cross, serial_shops,
          nicolae_shop_temple_entry_statues_fountains, uniq_natasha, uniq_robin

Skill      XL: |  1  2  3  4 |
---------------+-------------+-----
Crossbows      | 5 6 |  6.0
Fighting       | |  1.5
Dodging        | |  2.6
Stealth        | |  1.5

Action                   |  1- 3 |  4- 6 || total
-------------------------+-------+-------++-------
 Fire: Hand crossbow     |    88 |    22 ||   110
  Use: Scroll            |       |     9 ||     9
Armor: Robe              |     3 |       ||     3
Dodge: Dodged            |    18 |     3 ||    21

Table legend: (Time is in decaauts)
 A = Elapsed time spent in this place.
 B = Non-inter-level travel time spent in this place.
 C = Inter-level travel time spent in this place.
 D = Time resting spent in this place.
 E = Time spent auto-exploring this place.
 F = Levels seen in this place.
 G = Mean time per level.
                   A        B        C        D        E       F      G
               +--------+--------+--------+--------+--------+-----+--------+
         Total |   1037 |   1009 |     28 |    122 |    674 |   2 |  518.5 |
       Dungeon |   1037 |   1009 |     28 |    122 |    674 |   2 |  518.5 |
               +--------+--------+--------+--------+--------+-----+--------+

Top non-repeatable levels by time:
     D:1: 530 daAuts
     D:2: 507 daAuts
